 Dungeon Crawl Stone Soup version 0.30.1-8-g117510f58f (webtiles) character file.

Game seed: 13587432195244225820

28 ChiefBigBeans the Firebug (level 2, -3/20 HPs)
             Began as a Draconian Fire Elementalist on Sept 24, 2023.
             Slain by Natasha (5 damage)
             ... on level 2 of the Dungeon.
             The game lasted 00:02:36 (1140 turns).

ChiefBigBeans the Firebug (DrFE)                    Turns: 1140, Time: 00:02:37

Health: -3/20      AC:  4    Str: 10    XL:     2   Next: 96%
Magic:  1/5        EV: 12    Int: 15    God:
Gold:   2          SH:  0    Dex: 11    Spells: 5/6 levels left

rFire   . . .        b - +0 war axe
rCold   . . .        (no shield)
rNeg    . . .        (body armour unavailable)
rPois   .            (helmet restricted)
rElec   .            (no cloak)
rCorr   .            (no gloves)
SInv    .            (no boots)
Will    .....        (no amulet)
Stlth   ++           (no ring)
HPRegen 0.23/turn    (no ring)
MPRegen 0.09/turn

%: no passive effects
@: no status effects
A: AC +4, unfitting armour, cold-blooded
a: no special abilities


You were on level 2 of the Dungeon.
You visited 1 branch of the dungeon, and saw 2 of its levels.

You collected 2 gold pieces.

Inventory:

Hand Weapons
 b - a +0 war axe (weapon)
Scrolls
 c - 3 scrolls of identify {unknown}
 d - 2 scrolls of teleportation {unknown}
 g - a scroll of magic mapping {unknown}
Potions
 a - a potion of magic
 e - a potion of lignification {unknown}
 f - 2 potions of curing {unknown}


   Skills:
 - Level 1.7 Dodging
 - Level 1.7 Stealth
 + Level 2.7 Spellcasting
 - Level 1.0 Conjurations
 + Level 3.6 Fire Magic


You had 5 spell levels left.
You knew the following spells:

 Your Spells              Type           Power      Damage    Failure   Level
a - Foxfire               Conj/Fire      36%        2x1d5     8%          1

Your spell library contained the following spells:

 Spells                   Type           Power      Damage    Failure   Level
 Scorch                   Fire           24%        2d6       7%          2
 Inner Flame              Hex/Fire       7%         N/A       30%         3
 Volatile Blastmotes      Fire/Tloc      14%        2d11      30%         3
 Flame Wave               Conj/Fire      9%         2d6       61%         4


Dungeon Overview and Level Annotations

Branches:
Dungeon (2/15)

Altars:

Shops:
D:1 :=(!   D:2 =

Annotations:
D:2 Natasha


Innate Abilities, Weirdness & Mutations

Your plain brown scales are hard. (AC +4)
You cannot fit into any form of body armour.
You are cold-blooded and may be slowed by cold attacks.


Message History

You conjure some foxfire!
The cerulean imp misses you. Natasha misses you.
An endoplasm comes into view.
The foxfire hits the goblin.
You kill the goblin!
The goblin barely misses you.
Casting: Foxfire (safe; 9% risk of failure)
Press: ? - help, Q - select action Dir - look around, f - activate You conjure some foxfire!
The endoplasm quivers.
The foxfire hits the goblin.
The goblin is severely wounded.
The cerulean imp hits you from afar with a +2 spear.
* * * LOW HITPOINT WARNING * * *
Natasha completely misses you.
A goblin comes into view. It is wielding a +0 dagger.
The goblin hits you but does no damage. The goblin closely misses you.
You don't have enough magic to cast this spell.
Unknown command.
Your foxfire dissipates!
The foxfire hits the goblin.
You kill the goblin!
The endoplasm jiggles.
You closely miss Natasha.
Your tail-slap misses Natasha.
Natasha is heavily wounded.
You barely miss the goblin.
Natasha stares at you and mumbles some strange words.
You resist with significant effort.
The cerulean imp hits you from afar with a +2 spear.
* * * LOW HITPOINT WARNING * * *
The goblin closely misses you.
A kobold comes into view. It is wielding a +0 club.
Natasha misses you.
You completely miss Natasha.
You tail-slap Natasha, but do no damage.
Natasha is heavily wounded.
You slash the goblin!
You kill the goblin!
The cerulean imp barely misses you. Natasha claws you.
You die...

#.#.# #.#.#
# #.#.# #.
#.#.#
#.####.#.#
#....#.#.#
#####.5g..#
..K.J.gh@.#
....g###..#
... +.g..+
. ##.#.#
#.#.# #.#..
#.#### #.#
##'######


You could see Natasha, a cerulean imp (summoned), an endoplasm, 4 goblins and a
kobold.

Vanquished Creatures
  An adder (D:2)
  6 goblins
  A hobgoblin (D:1)
  2 ball pythons (D:1)
  2 bats
  2 frilled lizards (D:1)
  3 kobolds
  4 rats (D:1)
21 creatures vanquished.

Vanquished Creatures (others)
  22 foxfires
22 creatures vanquished.

Grand Total: 43 creatures vanquished

Notes
Turn   | Place    | Note
-------+----------+-------------------------------------------
     0 | D:1      | ChiefBigBeans the Draconian Fire Elementalist began the
                  | quest for the Orb.
     0 | D:1      | Reached XP level 1. HP: 14/14 MP: 3/3
    54 | D:1      | Found Nipast's Assorted Antiques.
   155 | D:1      | Found Xaluh's Distillery.
   190 | D:1      | Found Fevurph's Weapon Shoppe.
   253 | D:1      | Found Epel's Jewellery Boutique.
   278 | D:1      | Found Imoacat's Book Emporium.
   374 | D:1      | Reached XP level 2. HP: 20/20 MP: 0/5
  1100 | D:2      | Found Jazxicw's Jewellery Emporium.
  1131 | D:2      | Noticed Natasha
  1140 | D:2      | Slain by Natasha

Illustrated notes

Levels and vault maps discovered:
D:1:      minmay_arrival_four_houses, layout_basic, serial_rivers,
          chequers_serial_rivers_micro_d, chequers_serial_rivers_large_a,
          chequers_serial_rivers_micro_b, chequers_serial_rivers_micro_a,
          chequers_serial_rivers_micro_a, serial_shops, nicolae_shop_stone,
          shop, shop, nicolae_square_shop, nicolae_diamond_shop
D:2:      layout_basic, serial_shops, nicolae_shop_tiny_real_fake_doors,
          uniq_robin, uniq_natasha

Action                     || total
---------------------------++-------
  Melee: War axe           ||    43
         Tailslap          ||     4
   Cast: Foxfire           ||    18
 Armour: Skin              ||    16
  Dodge: Dodged            ||    46
